[Event "Titled Tuesday Blitz January 31 Early 2023"]
[White "Chigaev, Maksim"]
[Black "Goltsev, Dmitry"]
[WhiteFideId "4108116"]
[BlackFideId "24176710"]
[WhiteElo "2628"]
[BlackElo "2269"]
[Result "0-1"]
[Round "10"]
[TimeControl "180+2"]
[Date "2023.01.31"]
[WhiteClock "0:00:13"]
[BlackClock "0:00:13"]

1. e4 e6 2. d4 d5 3. Nc3 Nf6 4. Bg5 Be7 5. e5 Nfd7 6. Bxe7 Qxe7 7. f4 a6 8. Nf3 c5 9. Qd2 Nc6 10. O-O-O b5 11. Kb1 Bb7 12. h4 Nb6 13. Qf2 b4 14. Ne2 cxd4 15. Nexd4 Na4 16. Nxc6 Bxc6 17. Nd4 Bd7 18. Rh3 Rb8 19. h5 Qc5 20. Qe3 a5 21. Ka1 Nb6 22. h6 g6 23. Nxe6 Qxe3 24. Ng7+ Ke7 25. Rxe3 Rhc8 26. Bd3 a4 27. f5 b3 28. cxb3 axb3 29. axb3 Bc6 30. e6 d4 31. Re2 Nd5 32. exf7+ Kxf7 33. fxg6+ hxg6 34. Rf1+ Kg8 35. Bc4 Kh7 36. Ne6 Ne3 37. Rf7+ Kxh6 38. Nxd4 Ra8+ 39. Kb1 Be4+ 40. Kc1 Nxc4 41. bxc4 Rxc4+ 42. Kd2 Rxd4+ 43. Ke3 Rb4 44. Rf4 Raa4 45. Kf2 Bd3 46. Rxb4 Rxb4 47. Rd2 Bf5 48. Ke3 Kg5 0-1


[Site "https://www.chess.com"]

[Event "Titled Tuesday Blitz January 31 Early 2023"]
[White "Timofeev, Artyom"]
[Black "Bilych, Olexiy"]
[WhiteFideId "4140419"]
[BlackFideId "14156504"]
[WhiteElo "2567"]
[BlackElo "2441"]
[Result "1-0"]
[Round "10"]
[TimeControl "180+2"]
[Date "2023.01.31"]
[WhiteClock "0:00:42"]
[BlackClock "0:00:29"]

1. e4 c5 2. Nf3 Nc6 3. d4 cxd4 4. Nxd4 Nf6 5. Nc3 e5 6. Ndb5 d6 7. Bg5 a6 8. Na3 b5 9. Nd5 Be7 10. Bxf6 Bxf6 11. c4 b4 12. Nc2 O-O 13. g3 a5 14. h4 g6 15. Bg2 Bg7 16. h5 Be6 17. Qd3 Rb8 18. b3 Ra8 19. Rd1 Nb8 20. Nde3 Ra7 21. Bh3 Bxh3 22. Rxh3 Rd7 23. Kf1 Na6 24. Nd5 Nc5 25. Qe2 Qg5 26. Kg2 f5 27. hxg6 hxg6 28. exf5 Qxf5 29. Nce3 Qg5 30. Qg4 Qxg4 31. Nxg4 e4 32. Nf4 g5 33. Nd5 Nd3 34. Rh5 Rdf7 35. Rf1 Ne5 36. Rxg5 Nf3 37. Nh6+ Kh7 38. Nxf7 Rxf7 39. Rg4 Nd2 40. Rh1+ Kg8 41. Rf4 1-0


[Site "https://www.chess.com"]

[Event "Titled Tuesday Blitz January 31 Early 2023"]
[White "Fernandez Guillen, Ernesto J."]
[Black "Yeletsky, Ivan"]
[WhiteFideId "3512428"]
[BlackFideId "24180327"]
[WhiteElo "2477"]
[BlackElo "2494"]
[Result "1-0"]
[Round "10"]
[TimeControl "180+2"]
[Date "2023.01.31"]
[WhiteClock "0:00:05"]
[BlackClock "0:00:06"]

1. e4 Nf6 2. Nc3 e5 3. f4 d5 4. fxe5 Nxe4 5. Nf3 Be7 6. Bd3 Nc5 7. O-O O-O 8. h3 Nc6 9. Bb5 d4 10. Ne2 d3 11. cxd3 Nxd3 12. Bxd3 Qxd3 13. Nf4 Bc5+ 14. Kh1 Qd8 15. Qc2 Bb6 16. Rd1 Nd4 17. Qe4 Bf5 18. Qxb7 Rb8 19. Qd5 Nc2 20. Rb1 Nb4 21. Qxd8 Rfxd8 22. d3 Nxd3 23. Nxd3 Bxd3 24. Ra1 Be4 25. Bf4 h6 26. Rac1 Kh7 27. b3 Rxd1+ 28. Rxd1 g5 29. Bg3 Kg6 30. e6 fxe6 31. Ne5+ Kh5 32. Be1 Rf8 33. Kh2 g4 34. hxg4+ Kg5 35. Bd2+ 1-0


[Site "https://www.chess.com"]

[Event "Titled Tuesday Blitz January 31 Early 2023"]
[White "Kosteniuk, Alexandra"]
[Black "Sychev, Klementy"]
[WhiteFideId "4128125"]
[BlackFideId "4114060"]
[WhiteElo "2535"]
[BlackElo "2547"]
[Result "1/2-1/2"]
[Round "10"]
[TimeControl "180+2"]
[Date "2023.01.31"]
[WhiteClock "0:00:10"]
[BlackClock "0:00:04"]

1. e4 e5 2. Nf3 Nc6 3. Bc4 Nf6 4. d3 Bc5 5. Nc3 h6 6. h3 a6 7. Be3 d6 8. Bxc5 dxc5 9. a4 Qd6 10. O-O b6 11. Ne2 Be6 12. Nd2 O-O 13. f4 exf4 14. Nxf4 Ne5 15. Nxe6 fxe6 16. Bb3 b5 17. Qe2 Rad8 18. axb5 axb5 19. Nf3 Nh5 20. Nxe5 Qxe5 21. Qg4 c4 22. dxc4 Ng3 23. Rxf8+ Rxf8 24. cxb5 Kh7 25. Qxe6 Qf4 26. Bc4 h5 27. e5 Qd4+ 28. Kh2 Qf4 29. Kg1 Qe3+ 30. Kh2 Qf4 31. Bd3+ Kh8 32. Kg1 Qd4+ 33. Kh2 Qf4 34. Kg1 Qf2+ 35. Kh2 Qf4 1/2-1/2


[Site "https://www.chess.com"]

[Event "Titled Tuesday Blitz January 31 Early 2023"]
[White "Kazakouski, Valery"]
[Black "Preotu, Razvan"]
[WhiteFideId "13507443"]
[BlackFideId "2613280"]
[WhiteElo "2539"]
[BlackElo "2475"]
[Result "1-0"]
[Round "10"]
[TimeControl "180+2"]
[Date "2023.01.31"]
[WhiteClock "0:00:52"]
[BlackClock "0:00:03"]

1. Nf3 c5 2. c4 Nf6 3. b3 d5 4. cxd5 Nxd5 5. Bb2 Nc6 6. Nc3 Nxc3 7. Bxc3 f6 8. e3 e5 9. Bc4 a6 10. a4 Bf5 11. d3 Na5 12. Bxa5 Qxa5+ 13. Nd2 O-O-O 14. Qc2 e4 15. dxe4 Bxe4 16. Qxe4 Qxd2+ 17. Kf1 Bd6 18. g3 Be5 19. Rb1 h5 20. h4 Kb8 21. Kg2 Rhe8 22. Qf3 Qc2 23. Rbc1 Qg6 24. Rhd1 Bc7 25. Rxd8+ Rxd8 26. Bd5 f5 27. Bxb7 Qb6 28. Bd5 g6 29. Bc4 Be5 30. Rd1 Rxd1 31. Qxd1 Qc6+ 32. Bd5 Qd6 33. Qd3 Ka7 34. Qc4 Kb6 35. Bf3 Bb2 36. Be2 Ka7 37. Qf7+ Kb6 38. Kg1 Ba3 39. Qe8 Ka5 40. Qc8 Kb4 41. Qb7+ Kc3 42. Bxa6 Kb2 43. Bc4 Bb4 44. Qf3 Ka3 45. Qe2 Bc3 46. Qc2 Kb4 47. a5 Qd8 48. a6 Qa5 49. Qd1 Qa2 50. Kg2 Be5 51. Qd8 Kc3 52. Qd5 1-0


[Site "https://www.chess.com"]

[Event "Titled Tuesday Blitz January 31 Early 2023"]
[White "Galchenko, Matvey"]
[Black "Alex_Sahakyan2006"]
[WhiteFideId "24175480"]
[WhiteElo "2438"]
[BlackElo "2661"]
[Result "1-0"]
[Round "10"]
[TimeControl "180+2"]
[Date "2023.01.31"]
[WhiteClock "0:00:11"]
[BlackClock "0:00:24"]

1. f4 g6 2. Nf3 Bg7 3. g3 d6 4. Bg2 c5 5. Nc3 Nc6 6. O-O e6 7. d3 Nge7 8. e4 O-O 9. Be3 Nd4 10. h3 Nec6 11. Ne1 b5 12. Qd2 b4 13. Nd1 Rb8 14. g4 a5 15. c3 Nb5 16. f5 Ne5 17. Bh6 f6 18. Be3 Qc7 19. Rc1 bxc3 20. bxc3 Ba6 21. a4 Na7 22. fxe6 Qe7 23. Bf4 Qxe6 24. Ne3 Nac6 25. d4 Nc4 26. Nxc4 Qxc4 27. Rf2 Qxa4 28. Bxd6 Rbd8 29. Bxf8 Bxf8 30. d5 Be7 31. Qa2 Qxa2 32. Rxa2 Bc4 33. Raa1 Ne5 34. Rxa5 Bf8 35. Ra7 Bh6 36. Rb1 Be3+ 37. Kh1 Rd7 38. Rb8+ Kf7 39. Rxd7+ Nxd7 40. Rb7 Ke7 41. Nc2 Bf4 42. Na3 Bd3 43. Bf3 Kd6 44. Kg2 h6 45. Nb5+ Bxb5 46. Rxb5 Be5 47. c4 Bd4 48. Ra5 Ke5 49. Kg3 Nb6 50. Ra6 1-0


[Site "https://www.chess.com"]

[Event "Titled Tuesday Blitz January 31 Early 2023"]
[White "Belozerov, Andrei"]
[Black "Mikaelyan, Arman"]
[WhiteFideId "4120213"]
[BlackFideId "13304852"]
[WhiteElo "2461"]
[BlackElo "2523"]
[Result "1/2-1/2"]
[Round "10"]
[TimeControl "180+2"]
[Date "2023.01.31"]
[WhiteClock "0:00:17"]
[BlackClock "0:00:13"]

1. e4 c5 2. Nf3 a6 3. g3 g6 4. Bg2 Bg7 5. O-O Nc6 6. c3 d6 7. d4 Bg4 8. d5 Ne5 9. Nbd2 Nf6 10. h3 Nxf3+ 11. Nxf3 Bxf3 12. Qxf3 O-O 13. Qe2 Nd7 14. Bg5 h6 15. Be3 b5 16. f4 Rb8 17. Rad1 b4 18. c4 b3 19. a3 Nb6 20. e5 Na4 21. Be4 dxe5 22. f5 g5 23. f6 exf6 24. d6 Re8 25. Rd5 Re6 26. d7 Nb6 27. Rd2 Re7 28. Rfd1 Nxd7 29. Bf5 e4 30. Bxd7 Qc7 31. Qf2 f5 32. Bxf5 Rbe8 33. Rd7 Qe5 34. Rxe7 Qxe7 35. Rd7 Qe5 36. Rd2 Bf6 37. g4 Kg7 38. Kg2 a5 39. Qg3 Qe7 40. Qf2 a4 41. Qg3 Be5 42. Qf2 Bf6 43. Qe2 Qe5 44. Qf2 Qe7 1/2-1/2


[Site "https://www.chess.com"]

[Event "Titled Tuesday Blitz January 31 Early 2023"]
[White "Cherniaiev, Tykhon"]
[Black "Taspinar, Yanki"]
[WhiteFideId "14182360"]
[BlackFideId "34561188"]
[WhiteElo "2330"]
[BlackElo "2262"]
[Result "1-0"]
[Round "10"]
[TimeControl "180+2"]
[Date "2023.01.31"]
[WhiteClock "0:00:05"]
[BlackClock "0:00:08"]

1. Nf3 Nf6 2. d4 d5 3. c4 c6 4. e3 Bg4 5. Bd3 g6 6. Nc3 Bg7 7. O-O O-O 8. h3 Bxf3 9. Qxf3 e6 10. b3 Nbd7 11. cxd5 exd5 12. Bb2 Re8 13. Rac1 Nf8 14. Rfe1 Ne6 15. Qg3 Qd7 16. Na4 h6 17. Nc5 Nxc5 18. Rxc5 Ne4 19. Bxe4 Rxe4 20. a3 Rae8 21. Rec1 Bf8 22. R5c2 a5 23. Qf3 Bd6 24. Bc3 Qc7 25. b4 axb4 26. Bxb4 Qe7 27. Rb1 Re6 28. Bxd6 Rxd6 29. Qf4 g5 30. Qf3 Ra8 31. Rc3 Rd7 32. Rcb3 Rxa3 33. Rxa3 Qxa3 34. Qf6 Qd6 35. Qxd6 Rxd6 36. Rxb7 Kg7 37. Rc7 Kg6 38. Kf1 Re6 39. Ke2 f5 40. Kf3 Kf6 41. g4 Kg6 42. Kg3 Rf6 43. f3 h5 44. gxf5+ Kxf5 45. h4 gxh4+ 46. Kxh4 Re6 47. Kxh5 Rxe3 48. Rf7+ Ke6 49. Rf8 Ke7 50. Rf4 Rd3 51. Kg4 Rd1 52. Kf5 Kd6 53. Rh4 Kc7 54. Ke5 Re1+ 55. Kf6 Kb6 56. Rg4 Kb5 57. Rf4 Kc4 58. Rg4 Rd1 59. Ke5 Re1+ 60. Kd6 Rf1 61. f4 Kxd4 62. Kxc6 Ke4 63. f5+ Ke5 64. Kc5 Rc1+ 65. Kb4 Kxf5 66. Rg2 Ke4 67. Rg4+ Ke3 68. Rg3+ Kf4 69. Rg2 d4 70. Rd2 Ke3 71. Rg2 d3 72. Rg3+ Ke2 73. Rg2+ Kf1 74. Rh2 d2 75. Rxd2 Ke1 76. Rd4 Rd1 77. Rh4 Rd2 78. Kc3 Re2 79. Kd3 Kf2 80. Rh2+ 1-0


[Site "https://www.chess.com"]

[Event "Titled Tuesday Blitz January 31 Early 2023"]
[White "Antonica, Dragos-Andrei"]
[Black "Azarov, Sergei"]
[WhiteFideId "1246372"]
[BlackFideId "13501470"]
[WhiteElo "2373"]
[BlackElo "2582"]
[Result "0-1"]
[Round "10"]
[TimeControl "180+2"]
[Date "2023.01.31"]
[WhiteClock "0:00:02"]
[BlackClock "0:00:03"]

1. d4 Nf6 2. Nf3 e6 3. c4 b6 4. Nbd2 Bb7 5. e3 d5 6. b3 dxc4 7. Bxc4 Nbd7 8. O-O a6 9. Bb2 Bd6 10. Bd3 O-O 11. Rc1 c5 12. dxc5 Nxc5 13. Bb1 Be7 14. Nc4 b5 15. Nce5 Rc8 16. Nd4 Qd5 17. Ndf3 Nce4 18. Qe2 b4 19. Rfd1 Rxc1 20. Rxc1 Rd8 21. Bd3 h6 22. h3 Qa5 23. Bd4 Nc3 24. Bxc3 bxc3 25. Nc4 Qd5 26. Bc2 Qh5 27. Rd1 Ne4 28. Rxd8+ Bxd8 29. Nd4 Qd5 30. f3 Nd6 31. Qd3 Bf6 32. Nxd6 Qxd6 33. Qxc3 g6 34. Qc4 Kg7 35. Kf2 Bh4+ 36. Kg1 Bf6 37. Bd3 a5 38. Ne2 Qe5 39. e4 Qa1+ 40. Kh2 h5 41. f4 h4 42. e5 Be7 43. Be4 Bxe4 44. Qxe4 Qe1 45. Qf3 Bc5 46. a3 Bf2 47. f5 exf5 48. b4 g5 49. b5 f4 50. Nxf4 Bg3+ 51. Qxg3 hxg3# 0-1


[Site "https://www.chess.com"]

[Event "Titled Tuesday Blitz January 31 Early 2023"]
[White "Jakubowski, Krzysztof"]
[Black "Hambleton, Aman"]
[WhiteFideId "1112848"]
[BlackFideId "2606577"]
[WhiteElo "2486"]
[BlackElo "2420"]
[Result "1-0"]
[Round "10"]
[TimeControl "180+2"]
[Date "2023.01.31"]
[WhiteClock "0:00:04"]
[BlackClock "0:00:04"]

1. e4 c5 2. Nf3 e6 3. d4 cxd4 4. Nxd4 Nc6 5. Nc3 Qc7 6. Be3 a6 7. Qf3 b5 8. Nxc6 Qxc6 9. O-O-O Bb7 10. Qg3 b4 11. Nd5 exd5 12. exd5 Qg6 13. Qe5+ Be7 14. d6 Qf6 15. Qc5 Bd8 16. Qxb4 Bc6 17. Bd4 Qg5+ 18. Kb1 Nf6 19. Re1+ Kf8 20. h4 Qa5 21. Qxa5 Bxa5 22. c3 h5 23. Rh3 Rh6 24. b4 Bd8 25. Rhe3 Kg8 26. Bd3 g6 27. Re8+ Kg7 28. R1e7 Rh8 29. Rxh8 Kxh8 30. Bxf6+ Kg8 31. Re8+ Kh7 32. Rh8# 1-0


[Site "https://www.chess.com"]

[Event "Titled Tuesday Blitz January 31 Early 2023"]
[White "Weetik, Vjacheslav"]
[Black "Zahid, Sanatan"]
[WhiteFideId "4153472"]
[BlackFideId "10201963"]
[WhiteElo "2423"]
[BlackElo "1930"]
[Result "0-1"]
[Round "10"]
[TimeControl "180+2"]
[Date "2023.01.31"]
[WhiteClock "0:00:02"]
[BlackClock "0:01:50"]

1. d4 e6 2. Nf3 Nf6 3. c4 b6 4. g3 Bb7 5. Bg2 Bb4+ 6. Bd2 Be7 7. O-O c6 8. Qc2 d5 9. Rd1 O-O 10. Bf4 Nbd7 11. Nc3 dxc4 12. e4 b5 13. h3 a5 14. Ne5 Nb6 15. a4 b4 16. Ne2 b3 17. Qc1 Rc8 18. Nxc4 Ba6 19. Nxb6 Qxb6 20. Nc3 Rfd8 21. Qe3 h6 22. g4 Nd7 23. Qg3 Nf8 24. d5 cxd5 25. exd5 Ng6 26. d6 Bh4 27. Qe3 Qb8 28. Bh2 Rd7 29. Ne4 Bb7 30. Nc5 Rxc5 31. Qxc5 Bxg2 32. Kxg2 Qb7+ 33. Kg1 Qf3 34. Qe3 Qf6 35. Bg3 Bg5 36. Qc3 e5 37. Qxb3 Rxd6 38. Qb8+ Rd8 39. Qxd8+ Qxd8 40. Rxd8+ Bxd8 41. Rc1 Be7 42. Rc8+ Kh7 43. Re8 Bd6 44. Rd8 Bb4 45. Rd5 f6 46. Kg2 Ne7 47. Rb5 Nc8 48. f3 Nd6 49. Rd5 Nc4 50. Bf2 Nxb2 51. Bb6 Nxa4 52. Bxa5 Nc3 53. Rd7 Bxa5 54. h4 Bb6 55. Kg3 Ne2+ 56. Kg2 Nf4+ 57. Kg3 Ba5 58. Ra7 Be1+ 59. Kh2 Bxh4 0-1


[Site "https://www.chess.com"]

[Event "Titled Tuesday Blitz January 31 Early 2023"]
[White "Orlov, Georgi"]
[Black "Szpar, Milosz"]
[WhiteFideId "2011271"]
[BlackFideId "1184989"]
[WhiteElo "2453"]
[BlackElo "2447"]
[Result "1/2-1/2"]
[Round "10"]
[TimeControl "180+2"]
[Date "2023.01.31"]
[WhiteClock "0:00:03"]
[BlackClock "0:00:05"]

1. e4 c5 2. Nf3 e6 3. c4 Nc6 4. Nc3 Nf6 5. Be2 d6 6. d4 cxd4 7. Nxd4 Be7 8. Be3 O-O 9. Qd2 Bd7 10. Ndb5 Qb8 11. Rd1 Rd8 12. Nxd6 Be8 13. c5 b6 14. Qc1 bxc5 15. Nxe8 Nxe8 16. Bb5 Nd4 17. Bxe8 Rxe8 18. Bxd4 cxd4 19. Rxd4 Bf6 20. Rd2 Rc8 21. O-O Qb4 22. Rc2 Bxc3 23. Rxc3 Rxc3 24. Qxc3 Qxe4 25. Rd1 h6 26. h3 Rb8 27. a3 Rb5 28. b4 Rd5 29. Re1 Qf4 30. Qe3 Qc7 31. Rc1 Qd7 32. Rc3 Kh7 33. Kh2 Qd6+ 34. Qg3 e5 35. Qe3 a6 36. Qe4+ g6 37. Qc4 e4+ 38. g3 Rf5 39. Rc2 e3 40. fxe3 h5 41. Kg2 Qe5 42. Qd4 Qe8 43. e4 Re5 44. Rf2 Rxe4 45. Rxf7+ Qxf7 46. Qxe4 Qa2+ 47. Kf3 Qxa3+ 48. Kf4 Qa4 49. Qe7+ Kh6 50. Qf8+ Kh7 51. Qf7+ Kh6 52. Qe7 Qb5 53. Qf8+ Kh7 54. Qc5 Qf1+ 55. Kg5 Qf7 56. Qe5 Qb7 57. Qd6 Qb5+ 58. Kf6 Qf5+ 59. Ke7 Qxh3 60. Kd8 Qf5 61. Kc7 Qb5 62. Qe7+ Kh6 63. Qf8+ Kh7 64. Qf7+ Kh6 65. Qf4+ g5 66. Qf6+ Kh7 67. Qf7+ Kh6 68. Qf6+ Kh7 69. Qf7+ Kh6 70. Qf6+ 1/2-1/2


[Site "https://www.chess.com"]

[Event "Titled Tuesday Blitz January 31 Early 2023"]
[White "Bruzon Batista, Lazaro"]
[Black "Sattarov, Bobir"]
[WhiteFideId "3503739"]
[BlackFideId "14203081"]
[WhiteElo "2611"]
[BlackElo "2366"]
[Result "0-1"]
[Round "10"]
[TimeControl "180+2"]
[Date "2023.01.31"]
[WhiteClock "0:00:02"]
[BlackClock "0:00:24"]

1. d4 Nf6 2. c4 e6 3. g3 d5 4. Bg2 dxc4 5. Qa4+ Nbd7 6. Qxc4 a6 7. Qb3 c5 8. Nf3 cxd4 9. Nxd4 Nc5 10. Qe3 Nd5 11. Qd2 Be7 12. O-O O-O 13. Nc3 Nxc3 14. Qxc3 Bd7 15. Be3 Rc8 16. Rfd1 Qc7 17. b4 Na4 18. Qxc7 Rxc7 19. Bf4 Rc4 20. Nf5 Bf6 21. Rac1 Rxc1 22. Bxc1 Bb5 23. Nd6 Rd8 24. Rd2 Bc3 25. Rd1 Bxe2 0-1


[Site "https://www.chess.com"]

[Event "Titled Tuesday Blitz January 31 Early 2023"]
[White "Ibarra Jerez, Jose Carlos"]
[Black "Papasimakopoulos, Alexandros"]
[WhiteFideId "2226332"]
[BlackFideId "4244125"]
[WhiteElo "2563"]
[BlackElo "2401"]
[Result "1-0"]
[Round "10"]
[TimeControl "180+2"]
[Date "2023.01.31"]
[WhiteClock "0:00:08"]
[BlackClock "0:00:14"]

1. e4 e6 2. d4 d5 3. Nc3 Bb4 4. Ne2 Nc6 5. a3 Ba5 6. b4 Bb6 7. Bb2 Nge7 8. g3 e5 9. dxe5 Nxe5 10. Nf4 Bg4 11. Be2 Bxe2 12. Qxe2 d4 13. Ncd5 O-O 14. O-O-O c5 15. Nxe7+ Qxe7 16. Nd5 Qd6 17. f4 Nc6 18. Qc4 Rfe8 19. Rhe1 Rad8 20. c3 dxc3 21. Qxc3 Qh6 22. Kb1 cxb4 23. axb4 f6 24. h4 Qg6 25. h5 Qxh5 26. b5 Na5 27. g4 Qf7 28. g5 fxg5 29. fxg5 Rc8 30. Qg3 Nc4 31. Rf1 Qg6 32. Rf5 Nxb2 33. Kxb2 Rxe4 34. Qf3 Rce8 35. Rf1 Re2+ 36. Kb3 Qd6 37. g6 R2e3+ 38. Nxe3 Rxe3+ 39. Qxe3 Bxe3 40. Rf8+ Qxf8 41. Rxf8+ Kxf8 42. gxh7 Ke7 43. h8=Q Bd4 44. Qc8 b6 45. Kc4 Bc5 46. Qb7+ Kf6 47. Qxa7 g5 48. Qd7 Ke5 49. Qg4 Kf6 50. Kd5 Bf2 51. Qe6+ Kg7 52. Ke4 g4 53. Qxg4+ Kh8 54. Qh3+ Kg7 55. Qg2+ Bg3 56. Qxg3+ 1-0


[Site "https://www.chess.com"]

[Event "Titled Tuesday Blitz January 31 Early 2023"]
[White "Yuan, Qingyu"]
[Black "Csonka, Balazs"]
[WhiteFideId "8609772"]
[BlackFideId "742910"]
[WhiteElo "2373"]
[BlackElo "2496"]
[Result "0-1"]
[Round "10"]
[TimeControl "180+2"]
[Date "2023.01.31"]
[WhiteClock "0:00:05"]
[BlackClock "0:00:03"]

1. e4 c5 2. Nf3 e6 3. c3 Nf6 4. e5 Nd5 5. g3 d6 6. exd6 Bxd6 7. Bg2 O-O 8. O-O Nc6 9. d4 cxd4 10. Nxd4 Nxd4 11. Qxd4 Qc7 12. c4 Be5 13. Qe4 Nf6 14. Qe2 Bd7 15. Nc3 Bxc3 16. bxc3 Bc6 17. Bf4 Qc8 18. Be5 Bxg2 19. Bxf6 gxf6 20. Kxg2 Qc6+ 21. Kg1 Rac8 22. Qg4+ Kh8 23. Qh4 Kg7 24. Rad1 Qxc4 25. Rd4 Qxc3 26. Rfd1 h6 27. R1d3 Qc1+ 28. Kg2 f5 29. Rd7 Rc7 30. Qd4+ Kg6 31. Rd6 Qc4 32. Qxa7 Qe4+ 33. Kh3 Qg4+ 34. Kg2 Qe4+ 35. Kh3 Rc1 36. R6d4 Qh1 37. Qa3 Rg1 38. g4 Qg2+ 39. Kh4 Qxf2+ 40. Kh3 Qg2+ 41. Kh4 Qxh2+ 42. Rh3 Qf2+ 43. Rg3 Rxg3 44. Qxg3 Qxd4 45. Kh3 Qxg4+ 0-1


[Site "https://www.chess.com"]

[Event "Titled Tuesday Blitz January 31 Early 2023"]
[White "Kilic, Eray"]
[Black "Agasarov, Benik"]
[WhiteFideId "44517173"]
[BlackFideId "13314823"]
[WhiteElo "2414"]
[BlackElo "2235"]
[Result "0-1"]
[Round "10"]
[TimeControl "180+2"]
[Date "2023.01.31"]
[WhiteClock "0:00:07"]
[BlackClock "0:00:05"]

1. e4 c5 2. Nf3 d6 3. Bb5+ Nd7 4. a4 Nf6 5. Nc3 a6 6. Bc4 g6 7. O-O Bg7 8. a5 O-O 9. d3 b5 10. axb6 Nxb6 11. Bb3 Bb7 12. Re1 Rc8 13. e5 Nfd5 14. Nxd5 Nxd5 15. e6 f5 16. Ng5 Qb6 17. Nf7 Nc7 18. Bh6 Bxh6 19. Nxh6+ Kg7 20. Qd2 Bd5 21. Bxd5 Nxd5 22. Nf7 Qxb2 23. Rxa6 Qc3 24. Qh6+ Kg8 25. Raa1 Qxc2 26. Ng5 Nf6 27. h3 Qxd3 28. Ra4 c4 29. Ra7 Rfe8 30. Re3 Qd1+ 31. Kh2 c3 32. Rg3 Qh5 33. Nf7 Qxh6 34. Nxh6+ Kf8 35. Ra1 Ne4 36. Rf3 Kg7 37. Nf7 Kf6 38. g4 Kxe6 39. Nh6 Rf8 40. gxf5+ gxf5 41. Re3 d5 42. f3 Rf6 43. fxe4 dxe4 44. Ng4 fxg4 45. Rxe4+ Kf7 46. Rxg4 c2 47. Rc1 Rf2+ 48. Kg3 Rd2 49. Rf4+ Ke8 50. Rff1 Kd7 51. Kf4 Rc3 52. Ke4 Rxh3 53. Rg1 Re2+ 54. Kd4 Kd6 55. Kc4 Re4+ 56. Kb5 Rb3+ 57. Ka5 Rb2 58. Rg3 Rc4 59. Rd3+ Kc6 60. Rd8 Ra2# 0-1


[Site "https://www.chess.com"]

[Event "Titled Tuesday Blitz January 31 Early 2023"]
[White "Martinez Ramirez, Lennis"]
[Black "Harsh Suresh"]
[WhiteFideId "3509079"]
[BlackFideId "45018464"]
[WhiteElo "2426"]
[BlackElo "2298"]
[Result "0-1"]
[Round "10"]
[TimeControl "180+2"]
[Date "2023.01.31"]
[WhiteClock "0:00:15"]
[BlackClock "0:01:26"]

1. c4 Nf6 2. d4 e6 3. Nf3 b6 4. g3 Bb7 5. Bg2 Bb4+ 6. Bd2 Bxd2+ 7. Nbxd2 d5 8. cxd5 Bxd5 9. O-O O-O 10. Qc2 Nbd7 11. e4 Bb7 12. Rad1 Qe7 13. Rfe1 Rfd8 14. Qxc7 Ba6 15. Qc3 Rac8 16. Qb3 Nb8 17. Rc1 Nc6 18. Qa4 Qb7 19. Nb3 Bd3 20. Nfd2 b5 21. Nc5 Qb6 22. Qa3 Bc4 23. b3 Nxd4 24. Nxc4 Qxc5 25. Qxc5 Rxc5 26. e5 Ne8 0-1


[Site "https://www.chess.com"]

[Event "Titled Tuesday Blitz January 31 Early 2023"]
[White "Samant Aditya S"]
[Black "Tactrics"]
[WhiteFideId "35080580"]
[WhiteElo "2501"]
[BlackElo "2800"]
[Result "1-0"]
[Round "10"]
[TimeControl "180+2"]
[Date "2023.01.31"]
[WhiteClock "0:00:04"]
[BlackClock "0:00:01"]

1. e4 e6 2. d4 d5 3. Nd2 a6 4. Ngf3 Nf6 5. e5 Nfd7 6. Bd3 c5 7. c3 Nc6 8. O-O g5 9. Nb3 h6 10. Be2 b6 11. Be3 a5 12. a4 Ba6 13. Bxa6 Rxa6 14. Qe2 Ra8 15. Nc1 f5 16. exf6 Qxf6 17. Nd3 c4 18. Nde5 Ndxe5 19. Nxe5 Nxe5 20. dxe5 Qg6 21. f4 gxf4 22. Rxf4 Be7 23. Bxb6 Kd7 24. Bd4 Rab8 25. Raf1 h5 26. Rf7 Rhf8 27. Rxf8 Rxf8 28. Rxf8 Bxf8 29. Kf2 Bh6 30. g3 Qf5+ 31. Kg2 Bc1 32. b3 cxb3 33. Qb5+ Ke7 34. Qb7+ Kf8 35. Qxb3 Qe4+ 36. Kh3 Qe2 37. Qb8+ Kg7 38. Qc7+ Kg6 39. Qe7 Qg4+ 40. Kg2 Qe2+ 41. Kh3 Qg4+ 42. Kg2 Bg5 43. Qe8+ Kf5 44. Qf7+ Ke4 45. Qf1 Bd2 46. Qb1# 1-0


[Site "https://www.chess.com"]

[Event "Titled Tuesday Blitz January 31 Early 2023"]
[White "Cunha, Lucas Aguiar"]
[Black "Avila Pavas, Santiago"]
[WhiteFideId "2125404"]
[BlackFideId "4437128"]
[WhiteElo "2309"]
[BlackElo "2522"]
[Result "0-1"]
[Round "10"]
[TimeControl "180+2"]
[Date "2023.01.31"]
[WhiteClock "0:00:02"]
[BlackClock "0:00:10"]

1. e4 Nf6 2. e5 Nd5 3. d4 d6 4. Nf3 g6 5. Bc4 Nb6 6. Bb3 Bg7 7. Ng5 e6 8. Qf3 Qe7 9. Ne4 dxe5 10. Bg5 Qb4+ 11. c3 Qa5 12. Nf6+ Kf8 13. Ne4 exd4 14. O-O Nc6 15. Re1 h6 16. Bf4 e5 17. Bg3 Bf5 18. Nbd2 Rd8 19. Bh4 Rd7 20. Nf6 Re7 21. Nde4 Be6 22. h3 g5 23. Bg3 Nd5 24. Nh5 f5 25. Nxg5 hxg5 26. Nxg7 Kxg7 27. Bxe5+ Nxe5 28. Rxe5 dxc3 29. Bxd5 cxb2 30. Rae1 Rhe8 31. Qg3 Kf6 32. h4 Qd2 33. hxg5+ Qxg5 34. Qc3 Kf7 35. Rxe6 Rxe6 36. Qxc7+ Kf6 37. Qc3+ Re5 38. Qxb2 Qf4 39. g3 Qg4 40. Bxb7 Re7 41. Bc8 Qc4 42. Rc1 Qd3 43. Rc3 Qd1+ 44. Kg2 Kg6 45. Rc6+ Kh5 46. Qb4 Qd5+ 47. Kh2 Qxc6 48. Qh4+ Kg6 49. Qh8 Rh7+ 50. Qxh7+ Kxh7 0-1


[Site "https://www.chess.com"]

[Event "Titled Tuesday Blitz January 31 Early 2023"]
[White "Wong, Yinn Long"]
[Black "Klose, Eli"]
[WhiteFideId "5707684"]
[BlackFideId "16242955"]
[WhiteElo "2371"]
[BlackElo "1519"]
[Result "0-1"]
[Round "10"]
[TimeControl "180+2"]
[Date "2023.01.31"]
[WhiteClock "0:00:04"]
[BlackClock "0:00:07"]

1. e4 e6 2. d4 d5 3. Nc3 Bb4 4. e5 Ne7 5. Bd2 b6 6. Nce2 Bxd2+ 7. Qxd2 Ba6 8. h4 c5 9. c3 Nbc6 10. h5 h6 11. f4 Qd7 12. Nf3 Rc8 13. g4 Rc7 14. Kf2 O-O 15. g5 Bxe2 16. Bxe2 Nf5 17. Bd3 cxd4 18. cxd4 hxg5 19. Bxf5 exf5 20. fxg5 Rfc8 21. Rac1 Nd8 22. g6 fxg6 23. hxg6 Ne6 24. Ng5 Qe8 25. Nf7 Rxf7 26. gxf7+ Kxf7 27. Rxc8 Qxc8 28. Qd3 Ng5 29. Ke3 Qe6 30. Qc2 Ne4 31. Qc7+ Kg8 32. Qd8+ Kf7 33. Qc7+ Kg8 34. Rg1 Qh6+ 35. Kd3 Qd2# 0-1


[Site "https://www.chess.com"]

[Event "Titled Tuesday Blitz January 31 Early 2023"]
[White "Md, Imran"]
[Black "Costachi, Mihnea"]
[WhiteFideId "25748580"]
[BlackFideId "1217518"]
[WhiteElo "2284"]
[BlackElo "2476"]
[Result "1/2-1/2"]
[Round "10"]
[TimeControl "180+2"]
[Date "2023.01.31"]
[WhiteClock "0:01:34"]
[BlackClock "0:00:17"]

1. d4 e6 2. Nf3 c5 3. Nc3 cxd4 4. Nxd4 Nc6 5. Nxc6 bxc6 6. e4 d5 7. Bd3 Bd6 8. O-O Nf6 9. f4 e5 10. exd5 O-O 11. dxc6 Qb6+ 12. Kh1 Qxc6 13. fxe5 Bb7 14. Qf3 Qxf3 15. gxf3 Bxe5 16. Ne4 Rac8 17. Nxf6+ Bxf6 18. Kg2 Rfe8 19. Bf4 Bd5 20. c3 Rcd8 21. Bb5 Rf8 22. Rad1 g5 23. Bc7 Rc8 24. Bd6 Bxa2 25. Bxf8 Kxf8 26. Ra1 Be6 27. Rxa7 Rb8 28. c4 Bxb2 29. f4 Bd4 30. Ra2 Rxb5 31. Ra8+ Ke7 32. cxb5 Bd5+ 33. Kh3 Bxa8 34. fxg5 Bd5 35. Kg4 Kd6 36. h4 Bc4 37. Rf4 Ke5 38. Kg3 Bd5 39. h5 Be3 40. Rb4 Bxg5 41. b6 Bb7 42. Rb5+ Kf6 43. Rc5 Be3 44. Rc7 Bd5 45. b7 Ba7 46. Kg4 Bb8 47. Rc8 Be6+ 48. Kf3 Bh2 49. b8=Q Bxb8 50. Rxb8 Kg5 51. Rb5+ f5 52. Re5 Bf7 53. h6 Bg6 54. Re7 Kxh6 55. Kf4 Kh5 56. Re1 Kh6 57. Re7 Kh5 58. Ra7 Kh4 59. Ra1 Kh3 60. Rg1 Kh2 61. Rg5 Kh3 62. Rg1 Kh2 63. Rg3 Kh1 64. Rh3+ Kg2 65. Rg3+ Kf2 66. Ra3 Ke2 67. Ra2+ Kd3 68. Ra1 Kd4 69. Re1 Kd5 70. Re7 Kd6 71. Re1 Kd5 72. Re3 Kd6 73. Rg3 Ke6 74. Rg1 Kf6 75. Re1 Bf7 76. Rh1 Bg6 77. Rh4 Ke6 78. Rh1 Kf6 79. Rc1 Ke6 80. Rc6+ Kd5 81. Ra6 Kd4 82. Rd6+ Kc5 83. Ke5 Kc4 84. Rd2 Kc3 85. Rd1 Kc4 86. Rc1+ Kd3 87. Kf4 Kd4 88. Rd1+ Kc5 89. Ke3 Kc6 90. Rd4 Kc5 91. Kd3 Kc6 92. Kc3 Bf7 93. Kb4 Bd5 94. Kc3 Kd6 95. Rh4 Ke5 96. Rxh7 f4 97. Kd2 Kd4 98. Rh4 Ke4 99. Rxf4+ Kxf4 1/2-1/2


[Site "https://www.chess.com"]